 Dungeon Crawl Stone Soup version 0.27-a0-899-ge2d0b17c59 (webtiles) character file.

Game seed: 459315361639930110

46 rageheart7 the Sneak (level 3, 0/30 HPs)
             Began as a Mummy Delver on Apr 6, 2021.
             Slain by Natasha (5 damage)
             ... on level 2 of the Dungeon.
             The game lasted 00:01:27 (1609 turns).

rageheart7 the Sneak (Mummy Delver)                 Turns: 1609, Time: 00:01:27

Health: 0/30       AC:  3    Str: 16    XL:     3   Next: 44%
Magic:  6/6        EV: 11    Int:  9    God:
Gold:   53         SH:  0    Dex: 13    Spells: 7/7 levels left

rFire    x . .     SeeInvis .   a - +0 mace
rCold    + . .     Faith    .   (no shield)
rNeg     + + +     Spirit   .   b - +0 leather armour
rPois    ∞         Reflect  .   (no helmet)
rElec    .         Harm     .   (no cloak)
rCorr    .         Rampage  .   (no gloves)
Will     .....                  (no boots)
Stlth    ++........             (no amulet)
HPRegen  0.10/turn              (no ring)
MPRegen  0.10/turn              (no ring)

@: slowed, very slow
A: cold resistance 1, negative energy resistance 3, torment resistance 2,
unbreathing 1, heat vulnerability 1, no potions
a: no special abilities


You were on level 2 of the Dungeon.
You visited 1 branch of the dungeon, and saw 4 of its levels.

You collected 53 gold pieces.

Inventory:

Hand Weapons
 a - a +0 mace (weapon)
Armour
 b - a +0 leather armour (worn)
Jewellery
 k - a +6 ring of intelligence
Wands
 f - a wand of digging (3)
Scrolls
 c - 2 scrolls of fog
 d - a scroll of magic mapping
 e - a scroll of fear
 g - a scroll of identify {unknown}
 h - a scroll of summoning {unknown}
 i - a scroll of silence {unknown}
 j - 3 scrolls of noise {unknown}
 l - a scroll of torment {unknown}
 m - a scroll of holy word {unknown}


   Skills:
 * Level 3.8 Fighting
 - Level 1.5 Maces & Flails
 - Level 1.5 Dodging
 - Level 4.1 Stealth
 * Level 2.6 Spellcasting


You had 7 spell levels left.
You didn't know any spells.
Your spell library was empty.

Dungeon Overview and Level Annotations

Branches:
Dungeon (5/15)
 Temple: D:4-7

Altars:
Gozag

Annotations:
D:2 Natasha


Innate Abilities, Weirdness & Mutations

You are immune to poison.
Your flesh is cold resistant. (rC+)
You are immune to negative energy. (rN+++)
You are immune to unholy pain and torment.
You can survive without breathing.
You are vulnerable to heat. (rF-)
You do not drink.


Message History

Natasha is severely wounded.
Natasha claws you.
Natasha is nearby!
You hit Natasha but do no damage.
Natasha is severely wounded.
Natasha claws you. x2
Natasha is nearby!
You are too injured to fight recklessly!
Natasha is nearby!
You are too injured to fight recklessly!
You are too injured to fight recklessly!
You can't drink.
You closely miss Natasha.
Natasha is severely wounded.
Natasha stares at you and mumbles some strange words.
The magic dart hits you!
* * * LOW HITPOINT WARNING * * *
You hit Natasha.
You kill Natasha!
Natasha screams in pain as she dies!
You have reached level 3!
Your experience leads to an increase in your attributes!
Increase (S)trength, (I)ntelligence, or (D)exterity?
You feel stronger.
Natasha, Servant of Life and Death comes into view.
You don't know any spells.
You see here a scroll labelled WOUSCH GAT ERGHA.
Natasha hisses angrily.
Natasha misses you.
You closely miss Natasha.
Natasha stares at you and mumbles some strange words.
You feel yourself slow down.
You miss Natasha. Natasha barely misses you. Natasha claws you. x2
You barely miss Natasha. Natasha claws you! x2
* * * LOW HITPOINT WARNING * * *
You are too injured to fight recklessly!
You sock Natasha!
Natasha is severely wounded.
Natasha claws you but does no damage. Natasha claws you.
You die...

### ##.## ###.#.##
...###.###########
#.## ##..........#
.## ##.#######.#
#.## ##.## #.#
#..###.## #?#
#.#.#.## #@#
#.##.## #.h......
#.#### .........
#.#######
##..######
#.......# .##..#
#######.# #.##..#
#.# #.##..# #.#
#.##..# #.#
#.##..##


You could see Natasha.

Vanquished Creatures
  Natasha (D:2)
  An adder (D:3)
  An endoplasm (D:3)
  A giant cockroach (D:2)
  3 goblins
  3 hobgoblins
  2 ball pythons (D:3)
  2 frilled lizards (D:3)
14 creatures vanquished.

Notes
Turn   | Place    | Note
-------+----------+-------------------------------------------
     0 | D:5      | rageheart7 the Mummy Delver began the quest for the Orb.
     0 | D:5      | Reached XP level 1. HP: 18/18 MP: 1/1
   159 | D:4      | Found an opulent altar of Gozag.
   215 | D:3      | Found a faded altar of an unknown god.
   224 | D:3      | Reached skill level 1 in Spellcasting
   224 | D:3      | Reached XP level 2. HP: 19/24 MP: 2/4
   993 | D:3      | Noticed a steam dragon
  1356 | D:2      | Noticed Natasha
  1361 | D:2      | Killed Natasha
  1362 | D:2      | Reached XP level 3. HP: 3/30 MP: 6/6
  1602 | D:2      | Noticed Natasha
  1609 | D:2      | Slain by Natasha

Illustrated notes

Levels and vault maps discovered:
D:2:      layout_loops_ring, uniq_natasha
D:3:      layout_loops_ring, nicolae_uskayaw_dance_hall, basic_ecumenical_altar,
          gammafunk_ghost_cemetery, corexii_hall_statues_s, minivault_24
D:4:      layout_basic, lemuel_round_altar, minmay_temple_entry_offerings
D:5:      lemuel_castle_with_subvaults [lemuel_castle_interior_original],
          layout_gridville, kennysheep_mini_moat,
          chequers_temple_overflow_minitemple

Skill      XL: |  1  2 |
---------------+-------+-----
Spellcasting   | 1 2 |  2.6
Fighting       | |  3.8
Maces & Flails | |  1.5
Dodging        | |  1.5
Stealth        | |  4.1

Action                   || total
-------------------------++-------
Melee: Mace              ||    55
 Stab: Sleeping          ||     3
Armor: Leather armour    ||    17
Dodge: Dodged            ||    36

Table legend: (Time is in decaauts)
 A = Elapsed time spent in this place.
 B = Non-inter-level travel time spent in this place.
 C = Inter-level travel time spent in this place.
 D = Time resting spent in this place.
 E = Time spent auto-exploring this place.
 F = Levels seen in this place.
 G = Mean time per level.
                   A        B        C        D        E       F      G
               +--------+--------+--------+--------+--------+-----+--------+
         Total |   1627 |   1592 |     35 |      0 |   1405 |   4 |  406.8 |
       Dungeon |   1627 |   1592 |     35 |      0 |   1405 |   4 |  406.8 |
               +--------+--------+--------+--------+--------+-----+--------+

Top non-repeatable levels by time:
     D:3: 823 daAuts
     D:2: 587 daAuts
     D:4: 183 daAuts
     D:5: 32 daAuts
